 Dungeon Crawl Stone Soup version 0.31-a0-1082-g7d1fb776a8 (webtiles) character file.

Game seed: 12813407508868137224

58 Flugslaktarn the Changeling (level 4, -28/29 HPs)
             Began as an Octopode Shapeshifter on Nov 28, 2023.
             Killed by an exploding gnoll (36 damage)
             ... ignited by their inner flame
             ... on level 2 of the Dungeon.
             The game lasted 00:00:47 (1357 turns).

Flugslaktarn the Changeling (Octopode Shapeshifter) Turns: 1357, Time: 00:00:47

Health: -28/29     AC:  1    Str: 13    XL:     4   Next: 2%
Magic:  4/4        EV: 13    Int: 12    God:
Gold:   48         SH:  0    Dex: 13    Spells: 3/3 levels left

rFire   . . .        d - +2 dagger (drain)
rCold   . . .        (no shield)
rNeg    . . .        (helmet currently unavailable)
rPois   .            (no amulet)
rElec   .            k - ring of flight
rCorr   .            (no ring)
SInv    .            (no ring)
Will    .....        (no ring)
Stlth   ++           (no ring)
HPRegen 0.24/turn    (no ring)
MPRegen 0.09/turn    (no ring)
                     (no ring)

%: no passive effects
@: beast-form, flying
A: beast (slay +2), almost no armour, amphibious, 8 rings, camouflage 1,
gelatinous body 1, (nimble swimmer 1), tentacles
a: Begin Untransformation


You were on level 2 of the Dungeon.
You were a hulking beast.
You visited 1 branch of the dungeon, and saw 2 of its levels.

You collected 48 gold pieces.

Inventory:

Hand Weapons
 d - a +2 dagger of draining (weapon)
   (You took it off a kobold on level 1 of the Dungeon)
Jewellery
 k - a ring of flight (left tentacle)
   (You found it on level 2 of the Dungeon)
Talismans
 b - a beast talisman
 c - a flux talisman
Scrolls
 e - a scroll of immolation
 f - a scroll of enchant armour {unknown}
 h - a scroll of fear {unknown}
 i - a scroll of identify {unknown}
Potions
 a - a potion of lignification
 g - a potion of berserk rage {unknown}
 j - a potion of curing {unknown}
 l - a potion of degeneration {unknown}


   Skills:
 + Level 1.9 Fighting
 - Level 2.0 Dodging
 + Level 3.5 Unarmed Combat
 * Level 3.8 Shapeshifting


You had 3 spell levels left.
You didn't know any spells.
Your spell library was empty.

Dungeon Overview and Level Annotations

Branches:
Dungeon (2/15)

Altars:

Shops:
D:1 (


Innate Abilities, Weirdness & Mutations

You are a hulking beast.
Your limbs bulge with bestial killing power. (Slay +2)
You cannot wear most types of armour.
You are amphibious.
You can wear up to eight rings at the same time.
Your skin changes colour to match your surroundings (Stealth+).
Your rubbery body absorbs attacks. (AC +1, EV +1)
((You are camouflaged when in or above water. (Stealth+)))
You have tentacles for arms and can constrict up to eight enemies at once.


Message History

Found 4 stones and a sling.
You barely miss the frilled lizard. You grab the frilled lizard.
You constrict the frilled lizard. The frilled lizard closely misses you.
You hit the frilled lizard.
The frilled lizard is heavily wounded.
You constrict the frilled lizard.
You kill the frilled lizard!
No target in view!
No target in view!
k - a ring of flight You fly up into the air.
k - a ring of flight (left tentacle)
You now have 38 gold pieces (gained 11).
Found an escape hatch in the ceiling.
You see here a +2 heavy mace.
A giant cockroach comes into view.
Found 10 gold pieces and a flail.
A quokka comes into view.
Found a bubbling white potion.
Found an escape hatch in the floor.
Found a stone staircase leading down.
You hit the quokka. Your grab misses the quokka.
The quokka is almost dead.
The quokka barely misses you.
You closely miss the quokka. You grab the quokka.
The quokka is almost dead.
You constrict the quokka.
You kill the quokka!
Your life force feels restored.
The helpless giant cockroach fails to defend itself.
You puncture the giant cockroach!
You kill the giant cockroach!
No target in view!
No target in view!
No target in view!
l - a bubbling amethyst potion You now have 48 gold pieces (gained 10).
A bat comes into view.
A bat is nearby!
A bat is nearby!
Found a scroll labelled YFATRU QUTE.
An adder comes into view.
Found a stone staircase leading down.
Found 8 stones.
The helpless bat fails to defend itself.
You hit the bat.
You kill the bat!
An adder is nearby!
An adder is nearby!
A bat comes into view.
There are monsters nearby!
The helpless adder fails to defend itself.
You puncture the adder! You grab the adder. You squeeze the adder.
You kill the adder!
A rat comes into view.
There are monsters nearby!
There are monsters nearby!
The helpless bat fails to defend itself.
You puncture the bat!
You kill the bat!
You have reached level 4!
Found a ring of flight.
The rat closely misses you.
You see here a bat corpse.
You hit the rat. You drain the rat.
You kill the rat!
No target in view!
You see here a rat corpse.
No target in view!
No target in view!
A gnoll comes into view. It is wielding a +0 flail.
The gnoll moves out of view.
No target in view!
A bat comes into view.
The gnoll throws a stone.
The stone hits you.
The bat moves out of view.
The gnoll throws a stone.
The stone hits you.
A gnoll comes into view. It is wielding a +0 halberd of venom.
A gnoll comes into view. It is wielding a +0 flail.
The gnoll shouts! x2
The gnoll throws a stone.
The stone misses you.
A kobold comes into view. It is wielding a +0 dagger.
A rat comes into view.
The kobold shouts!
The gnoll hits you with a +0 flail.
You barely miss the gnoll. You grab the gnoll. You constrict the gnoll.
The gnoll struggles to escape constriction.
The gnoll hits you from afar with a +0 halberd of venom!
* * * LOW HITPOINT WARNING * * *
You are too injured to fight recklessly!
You are too injured to fight recklessly!
You are too injured to fight recklessly!
You are too injured to fight recklessly!
Unknown command.
As you read the scroll labelled QESUPO TAEB, it crumbles to dust.
The creatures around you are filled with an inner flame!
It was a scroll of immolation.
You constrict the gnoll.
Flame seeps out of the gnoll.
The gnoll completely misses you.
The gnoll is engulfed in blazing flames.
The gnoll explodes!
The fiery explosion engulfs you!!!
Ouch! That really hurt!
You die...

..... ###.... #..... ...#.
...=#.# ....... ...#.###.....#
....... ......##.##..## .......
......##.#....###.......
......#..#.##.##.g.Kr...
...........##...§#......
.....†..........h○g.....
###..†####......#§§........
#≈≈~~~≈≈≈#.#........)......# .#.
###...####.................##....
.....†.......>.!.............. ..
.#......................... . ..
...(.....................# .####.
##.##...................###......
#. #>..................#)..# #.


You could see 2 gnolls, a kobold (inner flame) and a rat (inner flame).

Vanquished Creatures
  An adder (D:2)
  A gnoll (D:2)
  2 dart slugs (D:1)
  8 bats
  5 endoplasms
  4 giant cockroaches
  4 hobgoblins (D:1)
  A quokka (D:2)
  5 ball pythons (D:1)
  3 frilled lizards
  3 kobolds
  7 rats
44 creatures vanquished.

Notes
Turn   | Place    | Note
-------+----------+-------------------------------------------
     0 | D:1      | Flugslaktarn the Octopode Shapeshifter began the quest for
                  | the Orb.
     0 | D:1      | Reached XP level 1. HP: 13/13 MP: 1/1
   183 | D:1      | Reached XP level 2. HP: 18/18 MP: 2/2
   243 | D:1      | Found a faded altar of an unknown god.
   343 | D:1      | Found Dijismuss's Antique Weapon Shoppe.
   415 | D:1      | Reached XP level 3. HP: 23/23 MP: 3/3
  1342 | D:2      | Reached XP level 4. HP: 29/29 MP: 4/4
  1357 | D:2      | Killed by an exploding gnoll... ignited by their inner
                  | flame

Illustrated notes

Levels and vault maps discovered:
D:1:      dpeg_arrival_triangle_fractal, layout_loops_corners,
          hellmonk_ecumenical_altar_defaced_shrine, serial_shops, shop,
          chequers_serial_rivers_small_b
D:2:      layout_rooms, serial_rivers, chequers_serial_rivers_small_3,
          chequers_serial_rivers_micro_a, chequers_serial_rivers_micro_a,
          chequers_serial_rivers_micro_e

Action                     |  1- 3 |  4- 6 || total
---------------------------+-------+-------++-------
  Melee: Unarmed           |    44 |       ||    44
         Constrict         |    14 |     1 ||    15
         Tentacles         |     7 |       ||     7
         Dagger            |    27 |     2 ||    29
    Use: Scroll            |       |     1 ||     1
   Stab: Sleeping          |     8 |       ||     8
 Armour: Skin              |    27 |     5 ||    32
  Dodge: Dodged            |    36 |     3 ||    39

Table legend: (Time is in decaauts)
 A = Elapsed time spent in this place.
 B = Non-inter-level travel time spent in this place.
 C = Inter-level travel time spent in this place.
 D = Time resting spent in this place.
 E = Time spent auto-exploring this place.
 F = Levels seen in this place.
 G = Mean time per level.
                   A        B        C        D        E       F      G
               +--------+--------+--------+--------+--------+-----+--------+
         Total |   1353 |   1256 |     97 |     63 |    949 |   2 |  676.5 |
       Dungeon |   1353 |   1256 |     97 |     63 |    949 |   2 |  676.5 |
               +--------+--------+--------+--------+--------+-----+--------+

Top non-repeatable levels by time:
     D:1: 1236 daAuts
     D:2: 117 daAuts
